 Dungeon Crawl Stone Soup version 0.22-a0-305-gd21a89c538 (webtiles) character file.

66 Deemzul the Skirmisher (level 4, -8/42 HPs)
             Began as a Naga Fighter on Mar 30, 2018.
             Mangled by an ogre
             ... wielding a +0 giant club
              (16 damage)
             ... on level 4 of the Dungeon.
             The game lasted 00:01:25 (1623 turns).

Deemzul the Skirmisher (Naga Fighter)               Turns: 1623, Time: 00:01:26

Health: -8/42      AC:  7    Str: 20    XL:     4   Next: 15%
Magic:  4/4        EV:  1    Int:  8    God:
Gold:   55         SH:  9    Dex: 10    Spells: 3/3 levels left

rFire    . . .     SeeInvis +   a - +0 war axe
rCold    . . .     Gourm    .   c - +0 shield
rNeg     . . .     Faith    .   m - +0 plate armour
rPois    +         Spirit   .   (no helmet)
rElec    .         Reflect  .   (no cloak)
rCorr    .         Harm     .   (no gloves)
MR       .....                  (no barding)
Stlth    ..........             (no amulet)
HPRegen  0.14/turn              (no ring)
MPRegen  0.09/turn              (no ring)

@: lethally poisoned (-8 -> -10), very slow
A: large, see invisible, deformed body, poison resistance, slowness 2, slow
metabolism 1, spit poison 1, AC +1
a: Spit Poison


You were on level 4 of the Dungeon.
You were not hungry.

You visited 1 branch of the dungeon, and saw 4 of its levels.

You collected 55 gold pieces.

Inventory:

Hand Weapons
 a - a +0 war axe (weapon)
 l - a +0 blowgun
Missiles
 k - 18 poisoned needles
Armour
 c - a +0 shield (worn)
 m - a +0 plate armour (worn)
Scrolls
 b - a scroll of amnesia {unknown}
 e - a scroll of remove curse {unknown}
 i - 2 scrolls of teleportation {unknown}
 j - a scroll of blinking {unknown}
 n - a scroll of fear {unknown}
Potions
 d - 2 potions of might
Comestibles
 f - 8 rations


   Skills:
 + Level 3.4 Fighting
 * Level 3.1 Axes
 + Level 2.8 Armour
 + Level 2.8 Shields


You had 3 spell levels left.
You didn't know any spells.

Dungeon Overview and Level Annotations

Branches:
Dungeon (4/15)
 Temple: D:4-7

Altars:
Yredelemnul

Annotations:
D:3 thing2's ghost, amateur OgMo


Innate Abilities, Weirdness & Mutations

You cannot wear boots.
Your serpentine skin is tough. (AC +1)
You have supernaturally acute eyesight. (SInv)
Armour fits poorly on your strangely shaped body.
Your system is resistant to poisons. (rPois)
You cover ground very slowly.
You have a slow metabolism.
You can spit poison.


Message History

You closely miss the ogre.
The ogre is moderately wounded.
You hit the worker ant.
You feel less invigorated.
You feel less confused. The worker ant bites you.
You are poisoned.
The worker ant poisons you! The ogre hits you with a giant club!!
The worker ant bites you.
* * * LOW HITPOINT WARNING * * *
You slash the ogre!
The ogre is severely wounded.
You closely miss the worker ant.
You feel sick. The worker ant bites you.
* * * LOW HITPOINT WARNING * * *
You block the ogre's attack.
Unknown command.
You barely miss the ogre.
The ogre is severely wounded.
You barely miss the worker ant.
You feel sick. You block the worker ant's attack.
The ogre hits you with a giant club!
You die...

###############
#.....@<......#
.......aO...##.#
..........#.#
..............
.#.###........>.
# #...##.#..#
#...# .. ..
#.... ... .
..... ...


You could see an ogre and a worker ant.

Vanquished Creatures
  A hound skeleton (D:2)
  An ooze (D:3)
  A worm (D:2)
  2 leopard geckos
  2 giant cockroaches (D:2)
  6 goblins
  6 hobgoblins
  4 jackals (D:1)
  9 kobolds
  A quokka (D:2)
  A ball python (D:3)
  2 bats
  6 rats
42 creatures vanquished.

Notes
Turn   | Place    | Note
-------+----------+-------------------------------------------
     0 | D:1      | Deemzul the Naga Fighter began the quest for the Orb.
     0 | D:1      | Reached XP level 1. HP: 21/21 MP: 1/1
   144 | D:1      | Reached XP level 2. HP: 16/28 MP: 2/2
   580 | D:1      | Reached XP level 3. HP: 21/34 MP: 3/3
  1062 | D:2      | Found a basalt altar of Yredelemnul.
  1485 | D:3      | Reached XP level 4. HP: 41/42 MP: 4/4
  1601 | D:3      | Noticed thing2's ghost (amateur OgMo)
  1611 | D:4      | Noticed an ogre
  1623 | D:4      | Mangled by an ogre

Vault maps used:
D:1:      lemuel_arrival_river_bridge
D:2:      yredelemnul_altar_generic
D:3:      minmay_misc_feat_iff
D:4:      gammafunk_temple_overflow_forgotten, first_ration

Skill      XL: |  1  2  3 |
---------------+----------+-----
Axes           | 3 |  3.1
Fighting       | |  3.4
Armour         | |  2.8
Shields        | |  2.8

Action                   |  1- 3 |  4- 6 || total
-------------------------+-------+-------++-------
Melee: War axe           |   105 |    28 ||   133
  Use: Potion            |       |     2 ||     2
  Eat: Chunk             |     1 |     1 ||     2
Armor: Scale mail        |    41 |       ||    41
       Plate armour      |       |    18 ||    18
Dodge: Dodged            |    36 |       ||    36
Block: Shield            |    68 |    16 ||    84

Table legend:
 A = Spawn XP
 B = Non-spawn XP
 C = Spawn XP percentage of total XP
 D = Spawn monster count
 E = Non-spawn monster count
 F = Spawn count percentage of total count
 G = Total turns spent on level
                    A         B        C        D         E        F      G
               +---------+---------+-------+---------+---------+-------+---------
         Total |       0 |      95 |   0.0 |       0 |      42 |   0.0 |  1623
               +---------+---------+-------+---------+---------+-------+---------
           D:1 |       0 |      38 |   0.0 |       0 |      22 |   0.0 |   830
           D:2 |       0 |      37 |   0.0 |       0 |      11 |   0.0 |   641
           D:3 |       0 |      20 |   0.0 |       0 |       9 |   0.0 |   140
               +---------+---------+-------+---------+---------+-------+---------
